 Dungeon Crawl Stone Soup version 0.30-a0-135-g630cfc4551 (webtiles) character file.

Game seed: 12948052751749012417

824 IdlyInterested the Grave Robber (level 7, -6/50 HPs)
             Began as a Demonspawn Wanderer on Sept 20, 2022.
             Mangled by an ogre
             ... wielding a +0 giant spiked club
              (20 damage)
             ... on level 5 of the Dungeon.
             The game lasted 00:19:17 (6379 turns).

IdlyInterested the Grave Robber (DsWn)              Turns: 6379, Time: 00:19:18

Health: -6/50      AC:  9    Str: 12    XL:     7   Next: 64%
Magic:  6/12       EV: 11    Int: 17    God:
Gold:   268        SH:  3    Dex: 11    Spells: 12/13 levels left

rFire   . . .      SeeInvis +    n - +1 dagger (venom)
rCold   . . .      Faith    .    b - +0 buckler
rNeg    + . .      Spirit   .    g - +2 robe {rN+}
rPois   .          Reflect  .    l - +0 helmet
rElec   .          Harm     .    s - +0 cloak
rCorr   .          Rampage  .    (no gloves)
Will    .....                    (no boots)
Stlth   ++........               (no amulet)
HPRegen 0.16/turn                v - ring of see invisible
MPRegen 0.26/turn                (no ring)

@: very slightly contaminated
A: thin metallic scales 2, magic regeneration, demonic magic 1
a: no special abilities


You were on level 5 of the Dungeon.
You visited 1 branch of the dungeon, and saw 5 of its levels.
You also visited: Sewer.

You collected 268 gold pieces.

Inventory:

Hand Weapons
 a - a +0 short sword
 n - a +1 dagger of venom (weapon)
 G - a +1 dagger of speed
Missiles
 e - 5 curare-tipped darts
 f - 4 javelins
 m - a throwing net
 x - 27 poisoned darts (quivered)
 H - 2 boomerangs
Armour
 b - a +0 buckler (worn)
 d - a +0 leather armour
 g - a +2 robe of positive energy (worn)
 k - a +0 kite shield
 l - a +0 helmet (worn)
 s - a +0 cloak (worn)
 t - a +0 ring mail
 I - a +0 chain mail
Jewellery
 v - a ring of see invisible (left hand)
 K - a ring of positive energy
Wands
 o - a wand of flame (9)
 p - a wand of roots (8)
Scrolls
 c - 2 scrolls of butterflies
 i - a scroll of teleportation
 y - 2 scrolls of vulnerability
 z - a scroll of enchant weapon
 A - a scroll of fear
 D - a scroll of blinking
Potions
 h - 2 potions of mutation
 j - a potion of brilliance
 q - 2 potions of heal wounds
 r - 4 potions of curing
 u - 3 potions of haste
 B - a potion of attraction
 C - a potion of berserk rage {unknown}
 E - a potion of cancellation {unknown}


   Skills:
 + Level 2.0 Fighting
 * Level 3.5 Short Blades
 - Level 2.6 Axes
 - Level 1.0 Throwing
 - Level 2.0 Armour
 - Level 2.0 Dodging
 - Level 3.0 Stealth
 + Level 1.0 Shields
 * Level 3.6 Spellcasting
 + Level 4.5 Necromancy
 - Level 1.0 Evocations


You had 12 spell levels left.
You knew the following spells:

 Your Spells              Type           Power      Damage    Failure   Level
a - Necrotise             Necr           72%        1d7       3%          1

Your spell library contained the following spells:

 Spells                   Type           Power      Damage    Failure   Level
 Sublimation of Blood     Necr           18%        N/A       5%          2
 Dispel Undead            Necr           18%        3d11      34%         4
 Stone Arrow              Conj/Erth      6%         3d7       56%         3
 Animate Armour           Summ/Erth      6%         N/A       92%         4
 Lehudib's Crystal Spear  Conj/Erth      1%         10d2      100%        8


Dungeon Overview and Level Annotations

Branches:
Dungeon (5/15)              Sewer (visited)
 Temple: D:4-7

Altars:
Okawaru
Trog


Innate Abilities, Weirdness & Mutations

You are mostly covered in thin metallic scales. (AC +3)
You regenerate magic rapidly.
Spells you cast may paralyse adjacent enemies.


Message History

Casting: Necrotise (safe; 3% risk of failure)
Confirm with . or Enter, or press ? or * to list all spells.
Aiming: Necrotise (safe; 3% risk of failure)
Press: ? - help, Shift-Dir - straight line, f/p - ogre
Aim: an ogre, wielding a +0 giant spiked club (heavily wounded, chance to affect: 76%)
The ogre writhes in agony.
Malevolent energies surge around you. You block the ogre's attack.
Casting: Necrotise (safe; 3% risk of failure)
Confirm with . or Enter, or press ? or * to list all spells.
Aiming: Necrotise (safe; 3% risk of failure)
Press: ? - help, Shift-Dir - straight line, f/p - ogre
Aim: an ogre, wielding a +0 giant spiked club (heavily wounded, chance to affect: 76%)
The ogre writhes in agony.
Malevolent energies surge around you.
Casting: Necrotise (safe; 3% risk of failure)
Confirm with . or Enter, or press ? or * to list all spells.
Aiming: Necrotise (safe; 3% risk of failure)
Press: ? - help, Shift-Dir - straight line, f/p - ogre
Aim: an ogre, wielding a +0 giant spiked club (severely wounded, chance to affect: 76%)
The ogre barely resists.
Malevolent energies surge around you.
The ogre hits you with a +0 giant spiked club!
You hit the ogre.
The ogre is severely wounded.
The ogre hits you with a +0 giant spiked club!!
* * * LOW HITPOINT WARNING * * *
Casting: Necrotise (safe; 3% risk of failure)
Confirm with . or Enter, or press ? or * to list all spells.
Aiming: Necrotise (safe; 3% risk of failure)
Press: ? - help, Shift-Dir - straight line, f/p - ogre
Aim: an ogre, wielding a +0 giant spiked club (severely wounded, chance to affect: 76%)
The ogre writhes in agony.
Malevolent energies surge around you.
Casting: Necrotise (safe; 3% risk of failure)
Confirm with . or Enter, or press ? or * to list all spells.
Aiming: Necrotise (safe; 3% risk of failure)
Press: ? - help, Shift-Dir - straight line, f/p - ogre
Aim: an ogre, wielding a +0 giant spiked club (almost dead, chance to affect: 76%)
You miscast Necrotise.
You are very lightly contaminated with residual magic.
Nothing appears to happen.
The ogre hits you with a +0 giant spiked club!!
You die...

#. #. # #.
.# #.####.
#..... #....
#
#...####....
#...@O....#
#..########
#..# #..#
####..#
#.....#
####.## #.#
####.###


You could see an ogre.

Vanquished Creatures
  3 kobold brigands (Sewer)
  A scorpion (D:5)
  3 wights (D:4)
  A jelly (D:5)
  An iguana (D:3)
  3 gnolls (D:3)
  13 adders
  5 river rats
  2 ufetubi
  5 worms
  13 orcs
  8 bats
  18 endoplasms
  3 giant cockroaches
  5 goblins
  5 hobgoblins
  4 jackals (D:1)
  8 kobolds
  3 quokkas
  11 ball pythons
  3 frilled lizards
  14 rats
132 creatures vanquished.

Vanquished Creatures (collateral kills)
  A bat (D:3)
  A hobgoblin (D:4)
2 creatures vanquished.

Vanquished Creatures (others)
  3 fungi (D:5)
3 creatures vanquished.

Grand Total: 137 creatures vanquished

Notes
Turn   | Place    | Note
-------+----------+-------------------------------------------
     0 | D:1      | IdlyInterested the Demonspawn Wanderer began the quest for
                  | the Orb.
     0 | D:1      | IdlyInterested set off with the following items: a +0 hand
                  | axe, a +0 buckler, a scroll of butterflies, a +0 robe; and
                  | the following spell memorised: Necrotise; and the following
                  | spells available to memorise: Sublimation of Blood, Dispel
                  | Undead.
     0 | D:1      | Reached XP level 1. HP: 13/13 MP: 2/2
    95 | D:1      | Gained mutation: You are partially covered in thin metallic
                  | scales. (AC +2) [demonic ancestry]
    95 | D:1      | Reached XP level 2. HP: 6/20 MP: 3/3
   365 | D:1      | Reached skill level 1 in Fighting
   865 | D:1      | Found a faded altar of an unknown god.
  1030 | D:1      | Gained mutation: You are mostly covered in thin metallic
                  | scales. (AC +3) [demonic ancestry]
  1030 | D:1      | Reached XP level 3. HP: 26/26 MP: 4/4
  1839 | D:2      | Reached skill level 3 in Necromancy
  2242 | D:2      | Reached skill level 1 in Throwing
  2242 | D:2      | Gained mutation: Spells you cast may paralyse adjacent
                  | enemies. [demonic ancestry]
  2242 | D:2      | Reached XP level 4. HP: 16/33 MP: 1/5
  3395 | D:3      | Found an iron altar of Okawaru.
  3421 | D:3      | Reached skill level 1 in Short Blades
  3622 | D:3      | Gained mutation: You regenerate magic rapidly. [demonic
                  | ancestry]
  3622 | D:3      | Reached XP level 5. HP: 35/38 MP: 6/6
  4332 | D:3      | Reached skill level 1 in Evocations
  4577 | D:4      | Reached skill level 1 in Stealth
  4577 | D:4      | Reached XP level 6. HP: 17/44 MP: 5/9
  4747 | D:4      | Reached skill level 4 in Necromancy
  4802 | D:4      | Found a glowing drain.
  4806 | Sewer    | Entered a sewer
  4838 | Sewer    | Reached XP level 7. HP: 43/50 MP: 5/11
  6026 | D:5      | Entered Level 5 of the Dungeon
  6121 | D:5      | Found a bloodstained altar of Trog.
  6379 | D:5      | Mangled by an ogre

Illustrated notes

Levels and vault maps discovered:
D:1:      dpeg_arrival_yet_another_circle, layout_basic,
          hellmonk_ecumenical_altar_inner_sanctum, minmay_pentomino_x4
D:2:      layout_loops_corners, st_stairs_5, grunt_ministairs_8
D:3:      minmay_inner_zag, layout_loops_corners,
          nicolae_overflow_crystal_walls, mainiacjoe_overflow_small_starburst
D:4:      layout_layer_cave, lightli_sewer_entry_pipes
D:5:      layout_loops_ring, lemuel_round_altar, mainiacjoe_overflow_catwalk,
          fedhas_altar_fruit_tree, temple_green, dreamdust_mushroom_princess,
          grunt_ministairs_12, uniq_grinder

Skill      XL: |  1  2  3  4  5  6  7 |
---------------+----------------------+-----
Axes           | 2 |  2.6
Fighting       | 1 2 |  2.0
Necromancy     | 3 4 |  4.5
Throwing       | 1 |  1.0
Short Blades   | 1 2 3 |  3.5
Evocations     | 1 |  1.0
Spellcasting   | 2 3 |  3.6
Stealth        | 1 2 3 |  3.0
Dodging        | 2 |  2.0
Armour         | 2 |  2.0
Shields        | |  1.0

Action                   |  1- 3 |  4- 6 |  7- 9 || total
-------------------------+-------+-------+-------++-------
Melee: Hand axe          |   133 |       |       ||   133
       Dagger            |       |   165 |   140 ||   305
Throw: Dart              |       |       |     2 ||     2
 Cast: Necrotise         |     1 |    33 |    17 ||    51
  Use: Scroll            |     3 |     7 |     5 ||    15
       Potion            |     1 |       |     2 ||     3
 Stab: Paralysed         |       |    33 |     7 ||    40
       Sleeping          |       |     3 |     3 ||     6
Armor: Robe              |    50 |    68 |    38 ||   156
Dodge: Dodged            |    84 |    83 |    49 ||   216
Block: Buckler           |    21 |    30 |    12 ||    63
       Kite shield       |    14 |       |       ||    14

Table legend: (Time is in decaauts)
 A = Elapsed time spent in this place.
 B = Non-inter-level travel time spent in this place.
 C = Inter-level travel time spent in this place.
 D = Time resting spent in this place.
 E = Time spent auto-exploring this place.
 F = Levels seen in this place.
 G = Mean time per level.
                   A        B        C        D        E       F      G
               +--------+--------+--------+--------+--------+-----+--------+
         Total |   6494 |   5888 |    606 |   1196 |   3209 |   6 | 1082.3 |
       Dungeon |   5665 |   5059 |    606 |    864 |   3016 |   5 | 1133.0 |
         Sewer |    828 |    828 |      0 |    332 |    192 |   1 |  828.0 |
               +--------+--------+--------+--------+--------+-----+--------+

Top non-repeatable levels by time:
     D:1: 1839 daAuts
     D:3: 1587 daAuts
     D:2: 1171 daAuts
   Sewer: 828 daAuts
     D:4: 753 daAuts
     D:5: 314 daAuts
